 Dungeon Crawl Stone Soup version 0.18.1-48-g4cf74bf (webtiles) character file.

606 tyranidshit the Fighter (level 7, -10/72 HPs)
             Began as a Minotaur Berserker on July 15, 2016.
             Was a Believer of Trog.
             Mangled by an ogre
             ... wielding a +0 giant club
              (21 damage)
             ... on level 4 of the Dungeon.
             The game lasted 00:12:10 (2402 turns).

tyranidshit the Fighter (Minotaur Berserker)        Turns: 2402, Time: 00:12:11

Health: -10/72     AC:  7    Str: 22    XL:     7   Next: 19%
Magic:  6/6        EV: 10    Int:  4    God:    Trog [**....]
Gold:   268        SH:  3    Dex: 11    Spells: 0 memorised, 6 levels left

rFire  . . .     SeeInvis .     y - +0 war axe
rCold  . . .     Gourm    .     o - +0 ring mail
rNeg   . . .     Faith    .     u - +0 buckler
rPois  .         Spirit   .     (helmet restricted)
rElec  .         Dismiss  .     m - +1 cloak
rCorr  .         Reflect  .     (no gloves)
SustAt .         Harm     +     (no boots)
MR     .....                    g - amulet of harm
Stlth  +.........               (no ring)
                                (no ring)

@: lethally poisoned (-10 -> -11), exhausted, slowed, very slow, not resistant
to hostile enchantments, very unstealthy
A: retaliatory headbutt, horns 2
a: Berserk, Trog's Hand, Burn Spellbooks, Renounce Religion


You were on level 4 of the Dungeon.
You worshipped Trog.
Trog was pleased with you.
You were hungry.

You visited 1 branch of the dungeon, and saw 5 of its levels.

You collected 268 gold pieces.

Inventory:

Hand Weapons
 y - a +0 war axe (weapon)
Armour
 m - a +1 cloak (worn)
 o - a +0 ring mail (worn)
 u - a +0 buckler (worn)
Jewellery
 g - an amulet of harm (around neck)
 j - an uncursed ring of magical power
 l - an uncursed ring of sustain attributes
Wands
 t - a wand of acid (7/15)
Scrolls
 e - 3 scrolls of identify
 f - 3 scrolls of enchant weapon
 h - 3 scrolls of remove curse
 n - a scroll of teleportation
 r - 2 scrolls of fog
Potions
 a - a potion of curing {unknown}
 i - 3 potions of invisibility {unknown}
 q - a potion of cure mutation {unknown}
 s - a potion of berserk rage {unknown}
 v - a potion of flight {unknown}
Comestibles
 c - 5 bread rations
 d - 2 meat rations
 p - a fruit


   Skills:
 + Level 10.0 Fighting
 - Level 3.6 Axes
 - Level 2.4 Armour
 - Level 2.1 Dodging


You had 6 spell levels left.
You didn't know any spells.

Dungeon Overview and Level Annotations

Branches:
Dungeon (5/15)
 Temple: D:4-7

Altars:
Fedhas
Qazlal

Annotations:
D:4 Monsterface's ghost, amateur FoFi


Innate Abilities, Weirdness & Mutations

You reflexively headbutt those who attack you in melee.
You have a pair of horns on your head.


Message History

Your skin crawls.
You feel resistant to hostile enchantments.
You feel slightly more hungry.
You feel sick. The ogre barely misses you.
You feel sick. The ogre closely misses you.
You feel sick. The ogre hits you with a giant club.
* * * LOW HITPOINT WARNING * * *
You feel sick.
You see here an orc corpse.
You feel the effects of Trog's Hand fading.
You are feeling hungry.
You feel sick. The ogre misses you. The ogre hits you with a giant club!
* * * LOW HITPOINT WARNING * * *
Your skin stops crawling.
You feel less resistant to hostile enchantments.
You feel sick.
Found a leather armour.
The ogre hits you with a giant club!
You die...

..... ..# ## .....
..# #.. .....## #.#
... #.....# #.# ...
#....# #.## #.#
##....## ##..###.#
.......#####.......#
.........†.....O@.#
.......†>)........#
.......†.†.....##..#
..!.......<.#### #.#
...........## ..[
#### .........(.#
..#. #>.#
............. ###.
## ##..#
....#......... .#..
##W##.#
..#####..####. ...#
##o## ##


You could see an ogre.

Vanquished Creatures
  2 scorpions (D:5)
  A howler monkey (D:5)
  3 orc wizards
  4 orc priests
  An iguana (D:5)
  5 worker ants (D:4)
  A hound skeleton (D:5)
  A gnoll (D:1)
  3 adders
  A shadow imp (D:5)
  A worm (D:5)
  A dart slug (D:1)
  2 giant geckos
  8 orcs
  3 giant cockroaches
  7 goblins
  4 hobgoblins
  5 jackals
  2 quokkas
  A ball python (D:1)
  3 bats
  A giant gecko skeleton (D:5)
  4 giant newts
  3 kobolds
  4 rats
71 creatures vanquished.

Notes
Turn   | Place    | Note
--------------------------------------------------------------
     0 | D:1      | tyranidshit the Minotaur Berserker began the quest for the Orb.
     0 | D:1      | Reached XP level 1. HP: 19/19 MP: 0/0
   122 | D:1      | Reached skill level 4 in Fighting
   122 | D:1      | Reached XP level 2. HP: 28/28 MP: 1/1
   409 | D:1      | Reached skill level 5 in Fighting
   573 | D:2      | Reached XP level 3. HP: 36/36 MP: 2/2
   591 | D:2      | Found a faded altar to an unknown god.
   834 | D:2      | Reached ** piety under Trog
  1697 | D:4      | Reached skill level 6 in Fighting
  1697 | D:4      | Reached XP level 4. HP: 44/44 MP: 3/3
  1730 | D:4      | Found a blossoming altar of Fedhas.
  1731 | D:4      | Noticed Monsterface's ghost (amateur FoFi)
  1767 | D:5      | Entered Level 5 of the Dungeon
  1773 | D:5      | Reached skill level 7 in Fighting
  1773 | D:5      | Reached XP level 5. HP: 19/52 MP: 4/4
  1863 | D:5      | Reached skill level 8 in Fighting
  1927 | D:5      | Found a stormy altar of Qazlal.
  1945 | D:5      | Reached XP level 6. HP: 29/61 MP: 5/5
  2282 | D:5      | Reached skill level 9 in Fighting
  2378 | D:4      | Reached XP level 7. HP: 60/70 MP: 6/6
  2388 | D:4      | Reached skill level 10 in Fighting
  2402 | D:4      | Mangled by an ogre

Skill      XL: |  1  2  3  4  5  6  7 |
---------------+----------------------+-----
Fighting       | 4 5 6 7 8 9 10 | 10.0
Axes           | |  3.6
Armour         | |  2.4
Dodging        | |  2.1

Action                   |  1- 3 |  4- 6 |  7- 9 || total
-------------------------+-------+-------+-------++-------
Melee: Hand axe          |    68 |    28 |       ||    96
       Headbutt          |    12 |    14 |       ||    26
       War axe           |       |    39 |     5 ||    44
Invok: Trog's Hand       |       |     3 |     1 ||     4
       Berserk           |       |     1 |       ||     1
  Use: Scroll            |     5 |     5 |       ||    10
  Eat: Bread ration      |     1 |       |       ||     1
       Pizza             |       |     1 |       ||     1
Armor: Animal skin       |     6 |       |       ||     6
       Ring mail         |    23 |    27 |     5 ||    55
Dodge: Dodged            |    68 |    36 |     9 ||   113
Block: Buckler           |       |    14 |       ||    14
